 Dungeon Crawl Stone Soup version 0.31.0-11-ge490571c62 (webtiles) character file.

Game seed: 6884585661202039260

217 EonDragon20 the Chiller (level 5, 0/35 HPs)
             Began as a Merfolk Ice Elementalist on Feb 8, 2024.
             Incinerated by a bombardier beetle (3 damage)
             ... with a burning spray
             ... on level 4 of the Dungeon.
             The game lasted 00:07:23 (3043 turns).

EonDragon20 the Chiller (Merfolk Ice Elementalist)  Turns: 3043, Time: 00:07:24

Health: 0/35       AC:  7    Str:  9    XL:     5   Next: 94%
Magic:  5/8        EV: 13    Int: 21    God:
Gold:   97         SH:  0    Dex: 22    Spells: 1/8 levels left

rFire   . . .        (no weapon)
rCold   + . .        (no shield)
rNeg    . . .        a - +0 robe
rPois   .            (no helmet)
rElec   .            (no cloak)
rCorr   .            f - +1 pair of gloves
SInv    .            k - +2 pair of boots
Will    .....        (no amulet)
Stlth   +            j - ring of the Philosopher {rC+ Int+5 Dex+8}
HPRegen 0.25/turn    (no ring)
MPRegen 0.11/turn

%: no passive effects
@: on fire, glowing
A: (nimble swimmer 2), mertail
a: no special abilities


You were on level 4 of the Dungeon.
You visited 1 branch of the dungeon, and saw 4 of its levels.

You collected 172 gold pieces.
You spent 75 gold pieces at shops.

Inventory:

Armour
 a - a +0 robe (worn)
 f - a +1 pair of gloves (worn)
 k - a +2 pair of boots (worn)
Jewellery
 j - a ring of the Philosopher (left hand) {rC+ Int+5 Dex+8}
   (You found it on level 2 of the Dungeon)

   [ring of protection from cold]

   Int+5:     It affects your intelligence (+5).
   Dex+8:     It affects your dexterity (+8).
   rC+:       It protects you from cold.
 n - the ring of Tontoc {Int+6 Dex+2}
   (You found it on level 3 of the Dungeon)

   [ring of intelligence]

   Int+6:     It affects your intelligence (+6).
   Dex+2:     It affects your dexterity (+2).
Scrolls
 c - a scroll of fog
 g - a scroll of blinking
 h - a scroll of immolation {unknown}
 l - 2 scrolls of vulnerability
Potions
 b - a potion of magic
 d - a potion of attraction
 e - a potion of resistance
 i - a potion of curing {unknown}
 m - a potion of heal wounds {unknown}


   Skills:
 - Level 2.6 Dodging
 - Level 2.1 Stealth
 - Level 2.0 Spellcasting
 * Level 7.6 Ice Magic


You had one spell level left.
You knew the following spells:

 Your Spells              Type           Power      Damage    Failure   Level
a - Freeze                Ice            100%       1d10      1%          1
b - Frozen Ramparts       Ice            68%        1d11      1%          3
c - Ozocubu's Armour      Ice            34%        N/A       1%          3

Your spell library contained the following spells:

 Spells                   Type           Power      Damage    Failure   Level
 Summon Ice Beast         Ice/Summ       18%        N/A       9%          3


Dungeon Overview and Level Annotations

Branches:
Dungeon (4/15)
 Temple: D:4-7

Altars:
Zin

Shops:
D:2 ?

Portals:
Abyss: D:3

Annotations:
D:3 2 transporters, magicburrito's ghost, amateur MiFi


Innate Abilities, Weirdness & Mutations

((You are very nimble when in or above water. (Stealth+, EV+, Speed+++)))
Your lower body shifts to a powerful aquatic tail in water.


Message History

Confirm with . or Enter, or press ? or * to list all spells.
Casting: Frozen Ramparts (dangerous; 2% risk of failure)
Press: ? - help, Dir - look around, f - activate The walls around you are covered in ice.
The wall freezes the bombardier beetle!
The bombardier beetle sprays incendiary fluid at you.
The burning spray hits you.
You are covered in liquid fire!
The liquid fire burns you!
The wall freezes the bombardier beetle but does no damage.
The liquid fire burns you!
You closely miss the bombardier beetle.
The bombardier beetle is heavily wounded.
The liquid fire burns you!
The wall freezes the bombardier beetle but does no damage.
The bombardier beetle bites you but does no damage.
You hit the bombardier beetle but do no damage.
The bombardier beetle is heavily wounded.
The liquid fire burns you!
Casting: Frozen Ramparts (dangerous; 2% risk of failure)
Confirm with . or Enter, or press ? or * to list all spells.
Aiming: Freeze (safe; 1% risk of failure)
Press: ? - help, Shift-Dir - straight line, f - bombardier beetle
Aim: a bombardier beetle (heavily wounded)
You freeze the bombardier beetle!
You kill the bombardier beetle!
The liquid fire burns you!
You are on fire!
You are on fire!
You are on fire!
The liquid fire burns you! The liquid fire burns you!
* * * LOW HITPOINT WARNING * * *
The liquid fire burns you!
* * * LOW HITPOINT WARNING * * *
The liquid fire burns you!
* * * LOW HITPOINT WARNING * * *
The frozen ramparts melt away.
The liquid fire burns you!
You die...

#### ...## ...$.##
##.#.#.## .. #(
##.......###
##..#?##..........
#......@........###
#..................
#..##.##......>....
# #[##........#
.......))....#
########.##### #)#
#..# #.# . #..# #.#


There were no monsters in sight!

Vanquished Creatures
  A kobold brigand (D:3)
  A bombardier beetle (D:4)
  An orc priest (D:3)
  2 adders (D:3)
  A dart slug (D:1)
  2 ribbon worms
  9 orcs
  5 ball pythons
  An endoplasm (D:1)
  2 giant cockroaches
  3 goblins
  5 hobgoblins
  2 jackals (D:1)
  2 quokkas
  3 bats
  2 frilled lizards
  6 kobolds (D:3)
  4 rats
52 creatures vanquished.

Notes
Turn   | Place    | Note
-------+----------+-------------------------------------------
     0 | D:1      | EonDragon20 the Merfolk Ice Elementalist began the quest
                  | for the Orb.
     0 | D:1      | Reached XP level 1. HP: 13/13 MP: 3/3
   288 | D:1      | Reached XP level 2. HP: 18/19 MP: 1/5
   416 | D:1      | Reached skill level 5 in Ice Magic
  1218 | D:2      | Reached XP level 3. HP: 24/24 MP: 4/6
  1222 | D:2      | Learned a level 3 spell: Frozen Ramparts
  1303 | D:2      | Found Ibbo Wes's Magic Scroll Emporium.
  1318 | D:2      | Bought a scroll of blinking for 75 gold pieces
  1352 | D:2      | Found a glowing silver altar of Zin.
  1352 | D:2      | Identified a ring of the Philosopher {rC+ Int+5 Dex+8}
  1921 | D:3      | Found the +7 Throatcutter {drain, coup de grace}
  1921 | D:3      | Noticed a kobold brigand
  1930 | D:3      | Killed a kobold brigand
  1931 | D:3      | Reached skill level 6 in Ice Magic
  1931 | D:3      | Reached XP level 4. HP: 26/30 MP: 0/7
  2160 | D:3      | Learned a level 3 spell: Ozocubu's Armour
  2240 | D:3      | Found a transporter.
  2242 | D:3      | Noticed a small abomination
  2289 | D:3      | Reached XP level 5. HP: 35/35 MP: 4/8
  2357 | D:3      | Noticed a small abomination
  2415 | D:3      | Found a one-way gate to the infinite horrors of the Abyss.
  2415 | D:3      | Noticed magicburrito's ghost (amateur MiFi)
  2422 | D:3      | Found a transporter.
  2565 | D:3      | Identified the ring of Tontoc {Int+6 Dex+2}
  2819 | D:3      | Reached skill level 7 in Ice Magic
  3043 | D:4      | Incinerated by a bombardier beetle

Illustrated notes

Levels and vault maps discovered:
D:1:      dpeg_arrival_rhombus, layout_basic
D:2:      layout_rooms, serial_shops, shop, basic_altar
D:3:      layout_basic, gammafunk_ghost_abyssal_escape,
          dilly_guarded_unrand_throatcut
D:4:      kennysheep_big_flooded_room, layout_loops_ring

Skill      XL: |  1  2  3  4  5 |
---------------+----------------+-----
Ice Magic      | 5 6 7 |  7.6
Dodging        | |  2.6
Stealth        | |  2.1
Spellcasting   | |  2.0

Action                     |  1- 3 |  4- 6 || total
---------------------------+-------+-------++-------
  Melee: Unarmed           |    19 |    21 ||    40
   Cast: Freeze            |    36 |     4 ||    40
         Frozen Ramparts   |     5 |    11 ||    16
    Use: Scroll            |     7 |     2 ||     9
   Stab: Sleeping          |       |     1 ||     1
 Armour: Robe              |    29 |     6 ||    35
  Dodge: Dodged            |    37 |    22 ||    59
